 Dungeon Crawl Stone Soup version 0.25.0-46-gbd7b0854d2 (webtiles) character file.

Game seed: 1536949735260247409

107 DerDa the Magician (level 4, -1/30 HPs)
             Began as a Mummy Wizard on July 16, 2020.
             Was an Initiate of Sif Muna.
             Slain by Duvessa
             ... wielding a +0 rapier
              (12 damage)
             ... on level 4 of the Dungeon.
             The game lasted 00:08:01 (3949 turns).

DerDa the Magician (Mummy Wizard)                   Turns: 3949, Time: 00:08:01

Health: -1/30      AC:  2    Str:  6    XL:     4   Next: 57%
Magic:  20/20      EV: 12    Int: 18    God:    Sif Muna [......]
Gold:   159        SH:  5    Dex: 10    Spells: 3/13 levels left

rFire    x . .     SeeInvis .   s - +3 dagger
rCold    + . .     Gourm    .   (no shield)
rNeg     + + +     Faith    .   a - +0 robe
rPois    ∞         Spirit   .   b - +0 hat
rElec    .         Reflect  +   (no cloak)
rCorr    .         Harm     .   (no gloves)
MR       .....                  (no boots)
Stlth    +.........             c - amulet of reflection
HPRegen  0.10/turn              k - ring of magical power
MPRegen  0.17/turn              n - -4 ring of strength (curse)

@: glowing
A: no food or potions, fire vulnerability, cold resistance 1, negative energy
resistance 3, torment resistance, unbreathing
a: Renounce Religion


You were on level 4 of the Dungeon.
You worshipped Sif Muna.
Sif Muna was noncommittal.
You were not hungry.

You visited 1 branch of the dungeon, and saw 4 of its levels.

You collected 159 gold pieces.

Inventory:

Hand Weapons
 g - a +0 club
 j - a +0 whip
 s - a +3 dagger (weapon)
Missiles
 h - 94 stones (quivered)
 m - a throwing net
Armour
 a - a +0 robe (worn)
 b - a +0 hat (worn)
Jewellery
 c - an amulet of reflection (around neck)
 k - a ring of magical power (left hand)
 n - a cursed -4 ring of strength (right hand)
Scrolls
 d - 2 scrolls of enchant armour {unknown}
 e - 2 scrolls of enchant weapon {unknown}
 f - a scroll of immolation {unknown}
 i - a scroll of remove curse {unknown}
 l - a scroll of fear {unknown}
 o - a scroll of magic mapping {unknown}
 p - a scroll of random uselessness {unknown}
 q - a scroll of fog {unknown}
 r - a scroll of noise {unknown}


   Skills:
 - Level 1.5 Dodging
 - Level 1.5 Stealth
 * Level 5.3 Spellcasting
 * Level 2.3 Conjurations
 - Level 0.7 Summonings
 - Level 0.7 Translocations
 + Level 0.6 Air Magic
 + Level 0.6 Poison Magic


You had 3 spell levels left.
You knew the following spells:

 Your Spells              Type           Power        Failure   Level  Hunger
a - Magic Dart            Conj           ##..         4%          1    N/A
b - Mephitic Cloud        Conj/Pois/Air  #.......     24%         3    N/A
c - Call Imp              Summ           #.......     14%         2    N/A
d - Slow                  Hex            #.......     19%         2    N/A
q - Blink                 Tloc           N/A          14%         2    N/A

Your spell library contained the following spells:

 Spells                   Type           Power        Failure   Level  Hunger
 Sticks to Snakes         Tmut           #.......     19%         2    N/A
 Conjure Flame            Conj/Fire      #.......     24%         3    N/A
 Beastly Appendage        Tmut           Unusable     N/A         1    N/A
 Spider Form              Tmut/Pois      Unusable     N/A         3    N/A
 Ice Form                 Ice/Tmut       Unusable     N/A         4    N/A
 Blade Hands              Tmut           Unusable     N/A         5    N/A

Dungeon Overview and Level Annotations

Branches:
Dungeon (4/15)
 Temple: D:4-7

Altars:
Ashenzari
Dithmenos
Elyvilon
Gozag
Sif Muna
Yredelemnul

Annotations:
D:3 3 runed translucent doors, Grinder; pupurumpum's ghost, amateur DsGl
D:4 Dowan; Duvessa


Innate Abilities, Weirdness & Mutations

You do not eat or drink.
Your flesh is vulnerable to fire.
You are immune to poison.
Your flesh is cold resistant. (rC+)
You are immune to negative energy. (rN+++)
You are immune to unholy pain and torment.
You can survive without breathing.


Message History

Found 12 gold pieces.
You see here 12 gold pieces.
Found a stone staircase leading down.
Duvessa says, "Practise, practise, practise!
One day you'll be as good as me."
Dowan shouts!
Dowan gestures at you while chanting. The puff of flame hits you!
The fire burns you terribly!
Dowan casts a spell.
Dowan blinks!
Dowan points at you and mumbles some strange words.
You resist with some effort. Dowan gestures at you while chanting.
The puff of flame hits you! The fire burns you terribly!
* * * LOW HITPOINT WARNING * * *
Dowan gestures at something while chanting.
Dowan casts a spell at you.
You are outlined in light.
Duvessa barely misses you. Duvessa hits you with a +0 rapier!
You die...

#####e#..##
#... #.#..#
#.#.
#.#..#####.e.
#.#.....###.#
######e#.###.#
#.# #......#.#
#.# #.#
#.######.# #.#
#.# #.# #. #[#
#.# #@#
#.###.###.#
#e#
#.........#
#####.#
#####.###..
#.....# #.#
### #.#####
#.# #.# #.#
#.# #.# #.#
..# #.# ##


You could see Duvessa (fast).

Vanquished Creatures
  5 adders
  3 worms (D:2)
  2 dart slugs
  3 leopard geckos
  5 orcs (D:4)
  A ball python (D:1)
  A giant cockroach (D:1)
  4 goblins
  A hobgoblin (D:2)
  4 kobolds
  A quokka (D:3)
  6 bats
  3 frilled lizards
  7 rats
46 creatures vanquished.

Notes
Turn   | Place    | Note
-------+----------+-------------------------------------------
     0 | D:1      | DerDa the Mummy Wizard began the quest for the Orb.
     0 | D:1      | Reached XP level 1. HP: 13/13 MP: 5/5
   146 | D:1      | Reached skill level 1 in Conjurations
   445 | D:1      | Reached XP level 2. HP: 19/19 MP: 4/7
  1314 | D:2      | Reached XP level 3. HP: 24/24 MP: 5/9
  1319 | D:2      | Learned a level 3 spell: Mephitic Cloud
  1322 | D:2      | Learned a level 2 spell: Call Imp
  1325 | D:2      | Learned a level 2 spell: Slow
  1328 | D:2      | Learned a level 2 spell: Blink
  1397 | D:2      | Found an opulent altar of Gozag.
  2236 | D:2      | Reached skill level 5 in Spellcasting
  2397 | D:2      | Found a shattered altar of Ashenzari.
  2468 | D:2      | Reached XP level 4. HP: 30/30 MP: 11/11
  2843 | D:3      | Found a runed translucent gate.
  2878 | D:3      | Found a runed translucent gate.
  2878 | D:3      | Found a runed translucent gate.
  2885 | D:3      | Noticed pupurumpum's ghost (amateur DsGl)
  2909 | D:3      | Found a white marble altar of Elyvilon.
  3124 | D:3      | Noticed Grinder
  3198 | D:3      | Found a shadowy altar of Dithmenos.
  3198 | D:3      | Found a shimmering blue altar of Sif Muna.
  3202 | D:3      | Became a worshipper of Sif Muna the Loreminder
  3443 | D:4      | Noticed a phantom
  3805 | D:4      | Noticed Duvessa
  3805 | D:4      | Noticed Dowan
  3881 | D:4      | Found a basalt altar of Yredelemnul.
  3949 | D:4      | Slain by Duvessa

Illustrated notes

Levels and vault maps discovered:
D:1:      dpeg_arrival_rooms_c, layout_basic, grunt_decor_arrowhead,
          grunt_decor_resistance
D:2:      layout_basic, nicolae_gozag_seed_capital, marbit_many_paths,
          first_ration
D:3:      mumra_celtic_spiral_tile, layout_basic, elyvilon_altar_3,
          gammafunk_temple_overflow_elements, ebering_ghost_rock_garden,
          uniq_grinder
D:4:      layout_loops_ring, yredelemnul_altar_generic, uniq_duvessa

Skill      XL: |  1  2  3 |
---------------+----------+-----
Conjurations   | 1 2 |  2.3
Spellcasting   | 5 |  5.3
Dodging        | |  1.5
Stealth        | |  1.5
Summonings     | |  0.7
Translocations | |  0.7
Air Magic      | |  0.6
Poison Magic   | |  0.6

Action                   |  1- 3 |  4- 6 || total
-------------------------+-------+-------++-------
Melee: Unarmed           |    16 |       ||    16
       Club              |     4 |       ||     4
       Whip              |     7 |       ||     7
       Dagger            |       |     3 ||     3
 Cast: Magic Dart        |   110 |    50 ||   160
 Stab: Distracted        |       |     1 ||     1
Armor: Robe              |     9 |     1 ||    10
Dodge: Dodged            |    32 |     9 ||    41
Block: Other             |    19 |     5 ||    24
